 Dungeon Crawl Stone Soup version 0.21.1-1-g345015f (webtiles) character file.

730 tidbits the Chiller (level 7, 51/51 HPs)
             Began as a Gnoll Ice Elementalist on Apr 2, 2018.
             Quit the game on level 5 of the Dungeon.
             The game lasted 00:14:09 (1470 turns).

tidbits the Chiller (Gnoll Ice Elementalist)        Turns: 1470, Time: 00:14:09

Health: 51/51      AC:  9    Str: 11    XL:     7   Next: 73%
Magic:  10/15      EV: 15    Int: 19    God:
Gold:   281        SH:  3    Dex: 15    Spells: 7/17 levels left

rFire    . . .     SeeInvis .   f - +0 great sword
rCold    . . .     Gourm    .   (shield currently unavailable)
rNeg     + . .     Faith    .   B - +0 robe
rPois    .         Spirit   .   (no helmet)
rElec    .         Reflect  +   (no cloak)
rCorr    .         Harm     .   G - +0 pair of gloves (curse)
MR       .....                  (no boots)
Stlth    +++.......             h - +3 amulet of reflection
HPRegen  0.17/turn              r - ring of positive energy
MPRegen  0.14/turn              (no ring)

@: icy armour, slow
A: distributed training, fangs 1, strong nose
a: no special abilities


You were on level 5 of the Dungeon.
You were near starving.

You visited 2 branches of the dungeon, and saw 7 of its levels.

You collected 281 gold pieces.

Inventory:

Hand Weapons
 a - a +0 dagger
 b - a +0 war axe
 f - a +0 great sword (weapon)
 j - a +0 whip
 p - a +0 short sword
 u - a +0 trident
Missiles
 n - 24 stones
 x - 3 tomahawks of returning (quivered)
 A - 9 arrows
Armour
 B - a +0 robe (worn)
 G - a cursed +0 pair of gloves (worn)
Jewellery
 h - a +3 amulet of reflection (around neck)
   (You found it on level 2 of the Dungeon)
 k - an uncursed ring of fire
   (You found it on level 2 of the Dungeon)
 r - a ring of positive energy (left hand)
   (You found it on level 3 of the Dungeon)
Scrolls
 e - 3 scrolls of remove curse {unknown}
 i - 3 scrolls of teleportation {unknown}
 m - a scroll of enchant armour {unknown}
 t - 4 scrolls of identify {unknown}
 v - a scroll of random uselessness {unknown}
 y - a scroll of amnesia {unknown}
 z - a scroll of fog {unknown}
Potions
 d - a potion of cancellation {unknown}
 l - 2 potions of invisibility {unknown}
 o - 2 potions of curing {unknown}
 q - a potion of heal wounds {unknown}
 s - a potion of resistance {unknown}
 w - a potion of agility {unknown}
Books
 g - a book of Frost

   Spells                             Type                      Level
   a - Freeze                         Ice                          1
   b - Throw Frost                    Conjuration/Ice              2
   c - Ozocubu's Armour               Charms/Ice                   3
   d - Throw Icicle                   Conjuration/Ice              4
   e - Summon Ice Beast               Ice/Summoning                4
Comestibles
 c - 6 rations


   Skills:
 + Level 2.6 Fighting
 + Level 2.6 Short Blades
 + Level 2.6 Long Blades
 + Level 2.6 Axes
 + Level 2.6 Maces & Flails
 + Level 2.6 Polearms
 + Level 2.6 Staves
 + Level 2.6 Slings
 + Level 2.6 Bows
 + Level 2.6 Crossbows
 + Level 2.6 Throwing
 + Level 2.6 Armour
 + Level 5.3 Dodging
 + Level 5.0 Stealth
 + Level 2.6 Shields
 + Level 2.6 Unarmed Combat
 + Level 5.7 Spellcasting
 + Level 3.0 Conjurations
 + Level 2.1 Hexes
 + Level 2.1 Charms
 + Level 2.1 Summonings
 + Level 2.1 Necromancy
 + Level 2.1 Translocations
 + Level 2.1 Transmutations
 + Level 2.1 Fire Magic
 + Level 5.9 Ice Magic
 + Level 2.1 Air Magic
 + Level 2.1 Earth Magic
 + Level 2.1 Poison Magic
 + Level 2.9 Invocations
 + Level 2.6 Evocations


You had 7 spell levels left.
You knew the following spells:

 Your Spells              Type           Power        Failure   Level  Hunger
a - Freeze                Ice            ####         1%          1    None
j - Throw Frost           Conj/Ice       ###...       2%          2    None
o - Ozocubu's Armour      Chrm/Ice       ###.....     7%          3    ##.....
x - Summon Ice Beast      Ice/Summ       ###.....     22%         4    ####...


Dungeon Overview and Level Annotations

Branches:
Dungeon (6/15)             Temple (1/1) D:4

Altars:
Ashenzari
Dithmenos
Elyvilon
Fedhas
Gozag
Kikubaaqudgha
Makhleb
Okawaru
Qazlal
Ru
Sif Muna
Uskayaw
Wu Jian
Xom
Yredelemnul
Zin

Shops:
D:4 =

Annotations:
D:4 Serooblart's ghost, amateur MiBe


Innate Abilities, Weirdness & Mutations

Your experience applies equally to all skills.
You have very sharp teeth.
Your uncanny sense of smell can sniff out nearby items.


Message History

* * * LOW HITPOINT WARNING * * *
You hit the ooze but do no damage. You bite the ooze, but do no damage.
The ooze is severely wounded.
The ooze completely misses you. You block the leopard gecko's attack.
The ooze hits you.
* * * LOW HITPOINT WARNING * * *
The leopard gecko closely misses you.
You hit the ooze.
The ooze is almost dead.
The ooze closely misses you. The leopard gecko misses you.
The leopard gecko closely misses you.
You riposte.
You closely miss the leopard gecko. The ooze hits you but does no damage.
You slash the ooze!
You kill the ooze!
The leopard gecko bites you.
* * * LOW HITPOINT WARNING * * *
You hit the leopard gecko.
The leopard gecko is heavily wounded.
The leopard gecko barely misses you. The leopard gecko closely misses you.
You riposte.
You closely miss the leopard gecko.
The leopard gecko is heavily wounded.
You closely miss the leopard gecko.
The leopard gecko is heavily wounded.
The leopard gecko closely misses you. The leopard gecko barely misses you.
You riposte.
You barely miss the leopard gecko.
The leopard gecko is heavily wounded.
You hit the leopard gecko but do no damage.
The leopard gecko is heavily wounded.
The leopard gecko bites you.
* * * LOW HITPOINT WARNING * * *
The leopard gecko barely misses you.
You barely miss the leopard gecko. Your bite misses the leopard gecko.
The leopard gecko is heavily wounded.
The leopard gecko misses you. The leopard gecko barely misses you.
You slash the leopard gecko!
You kill the leopard gecko!
You see here 13 gold pieces.
You now have 269 gold pieces (gained 13).
You see here 12 gold pieces.
You now have 281 gold pieces (gained 12).
Your icy armour starts to melt.
Your icy armour evaporates.
Found a leather armour.
You see here a leather armour.
Found a staircase to the Ecumenical Temple.
There is a staircase to the Ecumenical Temple here.
You climb downwards.
Welcome to the Ecumenical Temple!
There is a staircase back to the Dungeon here.
Found a hide-covered altar of Uskayaw and a white marble altar of Elyvilon.
Unknown command.
Found a burning altar of Makhleb and an ornate altar of the Wu Jian Council.
Found a shimmering altar of Xom.
You are feeling very hungry.
Found a basalt altar of Yredelemnul.
There is a shimmering altar of Xom here.
Found a blossoming altar of Fedhas.
There is a basalt altar of Yredelemnul here.
There is a blossoming altar of Fedhas here.
Found a shattered altar of Ashenzari.
Found an iron altar of Okawaru.
Found a glowing silver altar of Zin.
Found an ancient bone altar of Kikubaaqudgha.
Found a shadowy altar of Dithmenos.
Found a deep blue altar of Sif Muna.
Found a sacrificial altar of Ru.
Found an opulent altar of Gozag.
Unknown command.
There is a staircase back to the Dungeon here.
You can't go down here!
You climb upwards.
Welcome back to the Dungeon!
Level annotation: Serooblart's ghost, amateur MiBe
There is a staircase to the Ecumenical Temple here.
Unknown command.
There is a fountain of clear blue water here.
There is a fountain of clear blue water here.
There is a stone staircase leading down here.
You climb downwards.
The orc hits you.
There is a stone staircase leading up here.
Unknown command.
Casting: Summon Ice Beast
Confirm with . or Enter, or press ? or * to list all spells.
A film of ice covers your body! The orc completely misses you.
Unknown command.
You hit the orc. Your bite misses the orc.
The orc is lightly wounded.
The orc barely misses you. x2
You slash the orc!
You kill the orc!
You see here a scroll labeled FUHOOSS LOHURRYNU.
t - 4 scrolls labeled FUHOOSS LOHURRYNU (gained 1)
Found 14 gold pieces.
A quokka comes into view.
Found a scroll labeled FUHOOSS LOHURRYNU.
A giant cockroach comes into view.
A scorpion comes into view.
Casting: Ozocubu's Armour
Confirm with . or Enter, or press ? or * to list all spells.
A chill wind blows around you.
You are near starving!
Are you sure you want to abandon this character and quit the game? (Confirm with "yes".)

.#. #........# .# ......
#........# #.# ...... #...$....#
#.# ...... #........# ..#
......####........# #.#
..........[.......#### #.#
#s..................#
###.#######...................###
..............s.@r............'..
###.##########...Y.#..........#
.......# #?....#.....<....###
.......# #.....#....†........
.......# #######.............
###.#### #######........ #<#
#.).....####### #.# #.......# #.#
#......(#


You could see a scorpion, a quokka, a giant cockroach and a friendly ice beast.

Vanquished Creatures
  A water moccasin (D:5)
  A centaur (D:5)
  A scorpion (D:6)
  A crimson imp (D:6)
  An orc priest (D:4)
  2 orc wizards (D:3)
  An iguana (D:5)
  A worker ant (D:4)
  A gnoll (D:1)
  An adder (D:2)
  A shadow imp (D:5)
  An ooze (D:4)
  2 adder skeletons (D:4)
  A dart slug (D:2)
  A leopard gecko (D:4)
  14 orcs
  A giant cockroach (D:1)
  4 hobgoblins
  2 jackals (D:2)
  2 quokkas
  A ball python (D:2)
  3 bats
  3 goblins (D:1)
  4 kobolds
  A leopard gecko zombie (D:6)
  4 rats
56 creatures vanquished.

Vanquished Creatures (collateral kills)
  A sky beast (D:6)
  A centaur (D:5)
  A bullfrog (D:6)
  A scorpion (D:5)
  2 jellies (D:6)
  2 orc wizards (D:5)
  A worker ant (D:6)
  4 orcs
13 creatures vanquished.

Grand Total: 69 creatures vanquished

Notes
Turn   | Place    | Note
-------+----------+-------------------------------------------
     0 | D:1      | tidbits the Gnoll Ice Elementalist began the quest for the Orb.
     0 | D:1      | Reached XP level 1. HP: 13/13 MP: 6/6
    72 | D:1      | Reached skill level 2 in Conjurations
    76 | D:1      | Reached XP level 2. HP: 10/20 MP: 0/7
    80 | D:1      | Learned a level 2 spell: Throw Frost
   266 | D:3      | Reached XP level 3. HP: 21/25 MP: 7/9
   323 | D:2      | Reached skill level 5 in Spellcasting
   398 | D:2      | Reached skill level 1 in Invocations
   537 | D:4      | Found Gedifan's Jewellery Shop.
   537 | D:4      | Noticed Serooblart's ghost (amateur MiBe)
   661 | D:5      | Entered Level 5 of the Dungeon
   691 | D:3      | Reached skill level 1 in Fighting
   691 | D:3      | Reached skill level 1 in Short Blades
   691 | D:3      | Reached skill level 1 in Long Blades
   691 | D:3      | Reached skill level 1 in Axes
   691 | D:3      | Reached skill level 1 in Maces & Flails
   691 | D:3      | Reached skill level 1 in Polearms
   691 | D:3      | Reached skill level 1 in Staves
   691 | D:3      | Reached skill level 1 in Slings
   691 | D:3      | Reached skill level 1 in Bows
   691 | D:3      | Reached skill level 1 in Crossbows
   691 | D:3      | Reached skill level 1 in Throwing
   691 | D:3      | Reached skill level 1 in Armour
   691 | D:3      | Reached skill level 1 in Shields
   691 | D:3      | Reached skill level 1 in Unarmed Combat
   691 | D:3      | Reached skill level 1 in Evocations
   691 | D:3      | Reached XP level 4. HP: 26/32 MP: 7/11
   740 | D:3      | Learned a level 3 spell: Ozocubu's Armour
   745 | D:3      | Learned a level 4 spell: Summon Ice Beast
   753 | D:4      | Reached skill level 1 in Hexes
   753 | D:4      | Reached skill level 1 in Charms
   753 | D:4      | Reached skill level 1 in Summonings
   753 | D:4      | Reached skill level 1 in Necromancy
   753 | D:4      | Reached skill level 1 in Translocations
   753 | D:4      | Reached skill level 1 in Transmutations
   753 | D:4      | Reached skill level 1 in Fire Magic
   753 | D:4      | Reached skill level 1 in Air Magic
   753 | D:4      | Reached skill level 1 in Earth Magic
   753 | D:4      | Reached skill level 1 in Poison Magic
   768 | D:3      | Reached XP level 5. HP: 18/37 MP: 6/12
   812 | D:4      | Noticed a centaur
  1064 | D:6      | Reached skill level 2 in Invocations
  1064 | D:6      | Reached XP level 6. HP: 43/44 MP: 5/13
  1067 | D:6      | Noticed a sky beast
  1077 | D:6      | Killed a sky beast
  1077 | D:6      | Reached skill level 2 in Fighting
  1077 | D:6      | Reached skill level 2 in Short Blades
  1077 | D:6      | Reached skill level 2 in Long Blades
  1077 | D:6      | Reached skill level 2 in Axes
  1077 | D:6      | Reached skill level 2 in Maces & Flails
  1077 | D:6      | Reached skill level 2 in Polearms
  1077 | D:6      | Reached skill level 2 in Staves
  1077 | D:6      | Reached skill level 2 in Slings
  1077 | D:6      | Reached skill level 2 in Bows
  1077 | D:6      | Reached skill level 2 in Crossbows
  1077 | D:6      | Reached skill level 2 in Throwing
  1077 | D:6      | Reached skill level 2 in Armour
  1077 | D:6      | Reached skill level 5 in Dodging
  1077 | D:6      | Reached skill level 2 in Shields
  1077 | D:6      | Reached skill level 2 in Unarmed Combat
  1077 | D:6      | Reached skill level 2 in Evocations
  1091 | D:6      | Found a stormy altar of Qazlal.
  1168 | D:5      | Reached XP level 7. HP: 30/50 MP: 4/15
  1238 | D:5      | Reached skill level 2 in Hexes
  1238 | D:5      | Reached skill level 2 in Charms
  1238 | D:5      | Reached skill level 2 in Summonings
  1238 | D:5      | Reached skill level 2 in Necromancy
  1238 | D:5      | Reached skill level 2 in Translocations
  1238 | D:5      | Reached skill level 2 in Transmutations
  1238 | D:5      | Reached skill level 2 in Fire Magic
  1238 | D:5      | Reached skill level 2 in Air Magic
  1238 | D:5      | Reached skill level 2 in Earth Magic
  1238 | D:5      | Reached skill level 2 in Poison Magic
  1243 | D:5      | Reached skill level 3 in Conjurations
  1262 | D:5      | Reached skill level 5 in Stealth
  1320 | D:4      | Found a staircase to the Ecumenical Temple.
  1326 | Temple   | Entered the Ecumenical Temple
  1470 | D:5      | Quit the game

Skill      XL: |  1  2  3  4  5  6  7 |
---------------+----------------------+-----
Conjurations   | 2 3 |  3.0
Spellcasting   | 5 |  5.7
Invocations    | 1 2 |  2.9
Fighting       | 1 2 |  2.6
Short Blades   | 1 2 |  2.6
Long Blades    | 1 2 |  2.6
Axes           | 1 2 |  2.6
Maces & Flails | 1 2 |  2.6
Polearms       | 1 2 |  2.6
Staves         | 1 2 |  2.6
Slings         | 1 2 |  2.6
Bows           | 1 2 |  2.6
Crossbows      | 1 2 |  2.6
Throwing       | 1 2 |  2.6
Armour         | 1 2 |  2.6
Shields        | 1 2 |  2.6
Unarmed Combat | 1 2 |  2.6
Evocations     | 1 2 |  2.6
Hexes          | 1 2 |  2.1
Charms         | 1 2 |  2.1
Summonings     | 1 2 |  2.1
Necromancy     | 1 2 |  2.1
Translocations | 1 2 |  2.1
Transmutations | 1 2 |  2.1
Fire Magic     | 1 2 |  2.1
Air Magic      | 1 2 |  2.1
Earth Magic    | 1 2 |  2.1
Poison Magic   | 1 2 |  2.1
Dodging        | 5 |  5.3
Stealth        | 5 |  5.0
Ice Magic      | |  5.9

Action                   |  1- 3 |  4- 6 |  7- 9 || total
-------------------------+-------+-------+-------++-------
Melee: Unarmed           |     2 |       |       ||     2
       War axe           |     2 |    43 |     1 ||    46
       Short sword       |     1 |       |       ||     1
       Dagger            |       |     5 |       ||     5
       Bite              |       |     5 |     5 ||    10
       Great sword       |       |     1 |    30 ||    31
Throw: Tomahawk          |       |     3 |       ||     3
 Cast: Freeze            |    46 |    17 |       ||    63
       Ozocubu's Armour  |       |     5 |     4 ||     9
       Summon Ice Beast  |       |     4 |     3 ||     7
 Stab: Sleeping          |     2 |     2 |     1 ||     5
       Distracted        |       |       |     1 ||     1
  Eat: Chunk             |       |     1 |     1 ||     2
Armor: Robe              |     3 |    12 |     8 ||    23
Dodge: Dodged            |    36 |    57 |    35 ||   128
Block: Other             |     2 |     9 |     2 ||    13
       Rpst.: Great sword |       |     1 |    14 ||    15

Table legend:
 A = Turns spent in this place as a percentage of turns spent in the entire game.
 B = Non-inter-level travel turns spent in this place as a percentage of non-inter-level travel turns spent in the entire game.
 C = Inter-level travel turns spent in this place as a percentage of turns spent in this place.
 D = Turns resting spent in this place as a percentage of non-inter-level travel turns spent in this place.
 E = Turns spent auto-exploring this place as a percentage of non-inter-level travel turns spent in this place.
 F = Non-inter-level travel turns spent in this place divided by the number of levels of this place that you've seen.
                   A       B       C       D       E      F
               +-------+-------+-------+-------+-------+----------------------
         Total | 100.0 | 100.0 |   2.9 |   0.0 |   0.0 | 203.9
       Dungeon |  93.7 |  94.1 |   2.5 |   0.0 |   0.0 | 223.8
        Temple |   6.3 |   5.9 |   9.7 |   0.0 |   0.0 |  84.0
               +-------+-------+-------+-------+-------+----------------------

Table legend:
 A = Kills in this place as a percentage of kills in entire the game.
 B = Kills by you in this place as a percentage of kills by you in the entire game.
 C = Kills by friends in this place as a percentage of kills by friends in the entire game.
 D = Other kills in this place as a percentage of other kills in the entire game.
 E = Experience gained in this place as a percentage of experience gained in the entire game.
 F = Experience gained in this place divided by the number of levels of this place that you have seen.
                   A       B       C       D       E      F
               +-------+-------+-------+-------+-------+----------------------
         Total | 100.0 | 100.0 | 100.0 |   N/A | 100.0 | 149.0
       Dungeon | 100.0 | 100.0 | 100.0 |   N/A | 100.0 | 173.8
               +-------+-------+-------+-------+-------+----------------------

Vault maps used:
D:1:      minmay_arrival_stair_chambers
D:2:      minmay_wonky_spiral, serial_aquarium, aquarium_bridge_square,
          aquarium_window_corner, aquarium_window_2, aquarium_view_4,
          first_ration, uniq_sigmund
D:3:      minmay_door_path
D:4:      minmay_temple_entry_nine_rooms, serial_shops, shop,
          fedhas_bush_and_centaur_altar
D:5:      minmay_misc_feat_iff, nicolae_ru_sacrificial_ziggurat,
          uniq_blork_the_orc
D:6:      nicolae_overflow_crystal_walls, lemuel_doored_altar, enter_ossuary_1,
          grunt_ministairs_14, st_stairs_14
Temple:   eino_temple_scatter_basement
